 Dungeon Crawl Stone Soup version 0.31-a0-1074-g0b22e4e0f1 (webtiles) character file.

Game seed: 15024131591056533289

968 IdlyInterested the Changeling (level 7, -5/42 (58) HPs)
             Began as a Demonspawn Shapeshifter on Dec 7, 2023.
             Slain by Duvessa
             ... wielding a +3 short sword of draining
              (12 damage)
             ... on level 5 of the Dungeon.
             The game lasted 00:15:17 (5002 turns).

IdlyInterested the Changeling (DsSh)                Turns: 5002, Time: 00:15:19

HP:   -5/42 (58)    AC: 11    Str: 14    XL:     7   Next: 93%
MP:   7/7           EV:  8    Int: 15    God:
Gold: 269           SH:  0    Dex: 13    Spells: 6/6 levels left

rFire   . .          .
                       - Unarmed
rCold   . . .        (no shield)
rNeg    . . .        q - +0 chain mail
rPois   .            (helmet currently unavailable)
rElec   .            (cloak currently unavailable)
rCorr   .            (gloves currently unavailable)
SInv    .            (boots currently unavailable)
Will    .....        (no amulet) Stlth
                     r - ring of flight
HPRegen 0.27/turn    (no ring)
MPRegen 0.20/turn

%: random rage (3%)
@: beast-form, flying, very heavily drained
A: beast (slay +3), slimy green scales 2, demonic guardian 1, magic
regeneration, demonic touch 1, berserk 1, clever 1, robust 1
a: Begin Untransformation


You were on level 5 of the Dungeon.
You were a hulking beast.
You visited 1 branch of the dungeon, and saw 5 of its levels.
You also visited: Sewer.

You collected 269 gold pieces.

Inventory:

Hand Weapons
 y - a +0 rapier of flaming
Missiles
 i - a throwing net
 j - 52 stones (quivered)
 p - 8 boomerangs
 w - 22 poisoned darts
Armour
 l - a +0 pair of gloves
 q - a +0 chain mail (worn)
 s - a +1 plate armour
Jewellery
 r - a ring of flight (left hand)
Talismans
 c - a beast talisman
 d - a flux talisman
Wands
 e - a wand of iceblast (10)
Scrolls
 f - 2 scrolls of teleportation
 g - 2 scrolls of identify
 n - a scroll of fear
 o - a scroll of summoning
 t - a scroll of fog
Potions
 a - 2 potions of curing
 b - a potion of lignification
 k - a potion of resistance


   Skills:
 + Level 3.8 Fighting
 - Level 2.0 Armour
 - Level 4.0 Dodging
 * Level 2.5 Stealth
 - Level 3.0 Unarmed Combat
 * Level 5.6 Shapeshifting


You had 6 spell levels left.
You didn't know any spells.
Your spell library contained the following spells:

 Spells                   Type           Power      Damage    Failure   Level
 Call Canine Familiar     Summ           0%         N/A       100%        3
 Sigil of Binding         Hex            0%         N/A       100%        3
 Dimensional Bullseye     Hex/Tloc       0%         N/A       100%        4
 Leda's Liquefaction      Hex/Erth       0%         N/A       100%        4
 Haunt                    Necr/Summ      0%         N/A       100%        7
 Borgnjor's Revivificati  Necr           0%         N/A       100%        8
 Death's Door             Necr           0%         N/A       100%        9


Dungeon Overview and Level Annotations

Branches:
Dungeon (5/15)              Sewer (visited)
 Temple: D:4-7

Altars:
Dithmenos
Qazlal

Annotations:
D:5 Duvessa


Innate Abilities, Weirdness & Mutations

You are a hulking beast.
Your limbs bulge with bestial killing power. (Slay +3)
You are mostly covered in slimy green scales. (AC +3)
A weak demonic guardian rushes to your aid.
You regenerate magic rapidly.
Your touch may inflict minor irresistible damage on your foes.
You sometimes lose your temper in combat.
Your mind is acute. (Int +4, Str/Dex -1)
You are robust. (+10% HP)


Message History

Duvessa is severely wounded.
Duvessa closely misses you.
You hit Duvessa.
Duvessa is severely wounded.
Duvessa hits you with a +3 short sword of draining.
You feel drained.
You hit Duvessa.
Duvessa is severely wounded.
Duvessa hits you but does no damage.
You feel drained.
Duvessa hits you with a +3 short sword of draining!
* * * LOW HITPOINT WARNING * * *
A demonic guardian appears!
You feel drained.
* * * LOW HITPOINT WARNING * * *
You see here an iguana corpse.
You swap places.
Duvessa completely misses your iron imp.
Your iron imp closely misses Duvessa.
Duvessa hits your iron imp with a +3 short sword of draining.
You feel much better.
Duvessa hits your iron imp with a +3 short sword of draining.
Your iron imp hits Duvessa!
Duvessa completely misses your iron imp.
Your iron imp closely misses Duvessa.
Duvessa hits your iron imp with a +3 short sword of draining.
Your iron imp dies!
Your iron imp disappears in a puff of smoke!
Duvessa shouts!
Throw: 23 darts (poison)
Press: ? - help, Shift-Dir - straight line, f/p - Duvessa
Aim: Duvessa, wielding a +3 short sword of draining and wearing a +0 leather armour (severely wounded, berserk, 63% to hit)
You throw a poisoned dart. The poisoned dart hits Duvessa.
Duvessa is poisoned.
Duvessa is severely wounded.
You completely miss Duvessa.
Duvessa is almost dead.
Duvessa hits you with a +3 short sword of draining!!
You feel drained.
* * * LOW HITPOINT WARNING * * *
A demonic guardian appears!
Duvessa hits you with a +3 short sword of draining!
You die...

### ###.##
...#.#######
..###......#
...#.#####.##########
....## #.#.)(eh5(.#
#.### #.#(######.#
#.# #.#.#### #.#
#......# #'##
###.##o### ...##
#....e...# ....##
#.#))......# .....##
#..##..#.#.# ......#
#.. #..#.# #


You could see Duvessa (berserk, poisoned, ally target) and a friendly ufetubus
(summoned).

Vanquished Creatures
  4 kobold brigands (Sewer)
  Dowan (D:5)
  A hound (D:5)
  3 orc priests
  2 iguanas (D:5)
  2 orc wizards
  3 gnolls (D:4)
  11 adders
  5 river rats
  7 worms
  4 dart slugs
  14 orcs
  14 endoplasms
  2 giant cockroaches (D:1)
  8 goblins
  16 hobgoblins
  7 jackals
  3 quokkas
  11 ball pythons
  8 bats
  3 frilled lizards
  15 kobolds
  9 rats
153 creatures vanquished.

Vanquished Creatures (collateral kills)
  A scorpion (D:4)
  A gnoll (D:4)
2 creatures vanquished.

Vanquished Creatures (others)
  An orc wizard (D:5)
1 creature vanquished.

Grand Total: 156 creatures vanquished

Notes
Turn   | Place    | Note
-------+----------+-------------------------------------------
     0 | D:1      | IdlyInterested the Demonspawn Shapeshifter began the quest
                  | for the Orb.
     0 | D:1      | Reached XP level 1. HP: 15/15 MP: 1/1
   166 | D:1      | Gained mutation: You regenerate magic rapidly. [demonic
                  | ancestry]
   166 | D:1      | Reached XP level 2. HP: 10/21 MP: 2/2
   619 | D:1      | Reached skill level 3 in Shapeshifting
   632 | D:1      | Gained mutation: You are partially covered in slimy green
                  | scales. (AC +2) [demonic ancestry]
   632 | D:1      | Reached XP level 3. HP: 14/26 MP: 3/3
  1865 | D:2      | Gained mutation: Your touch may inflict minor irresistible
                  | damage on your foes. [demonic ancestry]
  1865 | D:2      | Reached XP level 4. HP: 33/33 MP: 4/4
  2007 | D:2      | Found a stormy altar of Qazlal.
  2358 | D:3      | Found a glowing drain.
  2363 | Sewer    | Entered a sewer
  2443 | Sewer    | Gained mutation: A weak demonic guardian rushes to your
                  | aid. [demonic ancestry]
  2443 | Sewer    | Reached XP level 5. HP: 20/38 MP: 5/5
  2613 | Sewer    | Reached skill level 4 in Shapeshifting
  2733 | Sewer    | Gained mutation: You are mostly covered in slimy green
                  | scales. (AC +3) [demonic ancestry]
  2733 | Sewer    | Reached XP level 6. HP: 33/46 MP: 6/6
  2744 | Sewer    | Reached skill level 1 in Armour
  2915 | D:3      | Found a faded altar of an unknown god.
  2944 | D:3      | Reached XP level 7. HP: 52/52 MP: 7/7
  3778 | D:4      | Gained mutation: You are robust. (+10% HP) [potion of
                  | mutation]
  3778 | D:4      | Gained mutation: You sometimes lose your temper in combat.
                  | [potion of mutation]
  3778 | D:4      | Gained mutation: Your mind is acute. (Int +4, Str/Dex -1)
                  | [potion of mutation]
  3836 | D:4      | Reached skill level 5 in Shapeshifting
  4004 | D:4      | Found a shadowy altar of Dithmenos.
  4189 | D:4      | Reached skill level 1 in Stealth
  4695 | D:5      | Entered Level 5 of the Dungeon
  4927 | D:5      | Noticed Dowan
  4969 | D:5      | Killed Dowan
  4985 | D:5      | Noticed Duvessa
  5002 | D:5      | Slain by Duvessa

Illustrated notes

Levels and vault maps discovered:
D:1:      kilobyte_arrival_exit_the_forest, layout_loops_ring
D:2:      layout_basic, basic_altar, chequers_avenue
D:3:      layout_loops_ring, lightli_sewer_entry_pipes,
          ebering_ecumenical_altar_webs
D:4:      minmay_diamond_boxcup, layout_loops_cross,
          mainiacjoe_overflow_brackets, small_statue_intersection
D:5:      layout_loops_corners, mainiacjoe_overflow_six_doors_small,
          nicolae_shop_i_like_small_books_too, uniq_duvessa

Skill      XL: |  1  2  3  4  5  6  7 |
---------------+----------------------+-----
Dodging        | 2 3 4 |  4.0
Shapeshifting  | 3 4 5 |  5.6
Unarmed Combat | 3 |  3.0
Fighting       | 2 3 |  3.8
Armour         | 1 2 |  2.0
Stealth        | 2 |  2.5

Action                     |  1- 3 |  4- 6 |  7- 9 || total
---------------------------+-------+-------+-------++-------
  Melee: Unarmed           |   152 |   159 |   155 ||   466
         Punch             |     1 |     6 |     3 ||    10
         Touch             |       |    30 |    34 ||    64
  Throw: Stone             |       |     1 |       ||     1
         Dart              |       |       |     4 ||     4
         Throwing net      |       |       |     1 ||     1
    Use: Scroll            |     2 |     1 |     9 ||    12
         Potion            |     1 |     1 |     9 ||    11
   Stab: Sleeping          |     6 |       |       ||     6
         Held in net/web   |       |       |     1 ||     1
 Armour: Animal skin       |    53 |       |       ||    53
         Chain mail        |    20 |    79 |   118 ||   217
         Leather armour    |     8 |       |       ||     8
  Dodge: Dodged            |    64 |    54 |    54 ||   172
  Block: Kite shield       |    22 |       |       ||    22

Table legend: (Time is in decaauts)
 A = Elapsed time spent in this place.
 B = Non-inter-level travel time spent in this place.
 C = Inter-level travel time spent in this place.
 D = Time resting spent in this place.
 E = Time spent auto-exploring this place.
 F = Levels seen in this place.
 G = Mean time per level.
                   A        B        C        D        E       F      G
               +--------+--------+--------+--------+--------+-----+--------+
         Total |   5003 |   4692 |    311 |    565 |   2837 |   6 |  833.8 |
       Dungeon |   4548 |   4237 |    311 |    382 |   2820 |   5 |  909.6 |
         Sewer |    455 |    455 |      0 |    183 |     17 |   1 |  455.0 |
               +--------+--------+--------+--------+--------+-----+--------+

Top non-repeatable levels by time:
     D:1: 1348 daAuts
     D:3: 1062 daAuts
     D:4: 929 daAuts
     D:2: 891 daAuts
   Sewer: 455 daAuts
     D:5: 315 daAuts
